[Event "Titled Tuesday Blitz June 20 Early 2023"]
[White "Vargas Rodriguez, Wilver"]
[Black "Pastar, Slaven"]
[WhiteFideId "3509672"]
[BlackFideId "14402718"]
[WhiteElo "2245"]
[BlackElo "2219"]
[Result "0-1"]
[Round "6"]
[TimeControl "180+2"]
[Date "2023.06.20"]
[WhiteClock "0:00:33"]
[BlackClock "0:01:27"]
[Board "174"]

1. Nf3 b6 2. g3 Bb7 3. Bg2 g6 4. c4 Bg7 5. Nc3 Nf6 6. b4 O-O 7. Bb2 Ne4 8. Qc2 Nxc3 9. Bxc3 e6 10. O-O d6 11. c5 Nc6 12. b5 Ne7 13. c6 Bc8 14. Bxg7 Kxg7 15. a4 a5 16. d4 Nd5 17. e4 Nb4 18. Qc3 f5 19. e5 d5 20. h4 Qe7 21. Nd2 f4 22. Kh2 h6 23. Kh3 g5 24. g4 h5 25. gxh5 g4+ 26. Kxg4 Qf7 27. Bf3 Qf5# 0-1


[Site "https://www.chess.com"]

[Event "Titled Tuesday Blitz June 20 Early 2023"]
[White "Yeritsyan, Hayk"]
[Black "Tuleyeva-Aketayeva, Dana"]
[WhiteFideId "13307320"]
[BlackFideId "13701932"]
[WhiteElo "2468"]
[BlackElo "2030"]
[Result "0-1"]
[Round "6"]
[TimeControl "180+2"]
[Date "2023.06.20"]
[WhiteClock "0:00:53"]
[BlackClock "0:00:18"]
[Board "175"]

1. d4 Nf6 2. Nf3 e6 3. e3 d5 4. Bd3 c5 5. c3 c4 6. Bc2 b5 7. a3 Bb7 8. Nbd2 Bd6 9. Qe2 O-O 10. Ne5 Nbd7 11. f4 Ne4 12. Nxe4 dxe4 13. Nxd7 Qxd7 14. O-O f5 15. Bd2 Bd5 16. Rfb1 a5 17. b3 Rfb8 18. a4 Qc6 19. axb5 Rxb5 20. b4 axb4 21. Ba4 Rxa4 22. Rxa4 bxc3 23. Ra8+ Qxa8 24. Rxb5 Qa2 25. Qh5 g6 26. Qg5 cxd2 27. Qd8+ Bf8 0-1


[Site "https://www.chess.com"]

[Event "Titled Tuesday Blitz June 20 Early 2023"]
[White "Vila Dupla, Aurelio"]
[Black "Zheenbekov, Nurgazy"]
[WhiteFideId "2203383"]
[BlackFideId "13800485"]
[WhiteElo "2009"]
[BlackElo "1975"]
[Result "0-1"]
[Round "6"]
[TimeControl "180+2"]
[Date "2023.06.20"]
[WhiteClock "0:00:00"]
[BlackClock "0:00:18"]
[Board "176"]

1. Nf3 Nf6 2. d4 d5 3. c4 e6 4. cxd5 exd5 5. Nc3 Be7 6. Qc2 O-O 7. Bg5 h6 8. Bh4 c6 9. e3 Nbd7 10. Bd3 Re8 11. O-O-O b5 12. Kb1 a5 13. Ne2 Bb7 14. Rc1 a4 15. Ne5 a3 16. b3 Rc8 17. Bf5 Rc7 18. Bg3 Nxe5 19. dxe5 Ne4 20. e6 fxe6 21. Bxc7 Qxc7 22. Bxe4 dxe4 23. Nd4 Bf6 24. Rhd1 Qxh2 25. g3 Qh5 26. Qc5 Qg4 27. Qb6 Ba8 28. Qc7 Kh8 29. Nxc6 Bxc6 30. Qxc6 Rb8 31. Qc7 Re8 32. Rd7 Qe2 33. Qc2 Qh5 34. Qxe4 Qe2 35. Qc2 Qh5 36. f4 e5 37. Rc7 exf4 38. gxf4 Bb2 39. Rd1 Qg4 40. Qd3 Rxe3 41. Qd8+ Kh7 42. Rc8 Qf5+ 43. Rc2 Re2 44. Qd3 Qxd3 45. Rxd3 Re1+ 0-1


[Site "https://www.chess.com"]

[Event "Titled Tuesday Blitz June 20 Early 2023"]
[White "Fudalej, Michal"]
[Black "Vafin, Ayrat"]
[WhiteFideId "1118781"]
[BlackFideId "4146530"]
[WhiteElo "2088"]
[BlackElo "2317"]
[Result "1-0"]
[Round "6"]
[TimeControl "180+2"]
[Date "2023.06.20"]
[WhiteClock "0:00:23"]
[BlackClock "0:00:00"]
[Board "177"]

1. Nf3 d5 2. g3 Nf6 3. Bg2 Bg4 4. b3 Nbd7 5. Bb2 Bxf3 6. Bxf3 e5 7. Bg2 Bd6 8. d3 c6 9. Nd2 O-O 10. O-O a5 11. a3 Re8 12. e4 Bc5 13. Re1 Qb6 14. Qe2 h5 15. Bf3 Ng4 16. Rf1 g6 17. Bxg4 hxg4 18. Qxg4 Nf6 19. Qg5 Nh7 20. Qh6 Rad8 21. Rae1 a4 22. b4 Bf8 23. Qh3 c5 24. exd5 cxb4 25. Nc4 Qb5 26. axb4 Qxd5 27. Rxe5 1-0


[Site "https://www.chess.com"]

[Event "Titled Tuesday Blitz June 20 Early 2023"]
[White "KSho99"]
[Black "Dwilewicz, Katarzyna"]
[BlackFideId "1148486"]
[WhiteElo "2193"]
[BlackElo "2098"]
[Result "0-1"]
[Round "6"]
[TimeControl "180+2"]
[Date "2023.06.20"]
[WhiteClock "0:00:00"]
[BlackClock "0:01:07"]
[Board "179"]

1. d4 d5 2. Nc3 c6 3. Bf4 Nf6 4. e3 b5 5. Bd3 g6 6. Nf3 Bg7 7. Ne5 Qb6 8. Ne2 Nbd7 9. h4 Nh5 10. Nxd7 Bxd7 11. Be5 f6 12. Bh2 e5 13. c3 e4 14. Bc2 f5 15. Bd6 a5 16. Nf4 Nxf4 17. Bxf4 b4 18. h5 Kf7 19. c4 dxc4 20. Qe2 Be6 21. Rc1 a4 22. Bd6 Bf8 23. Be5 Bg7 24. Bd6 Rhd8 25. Bc5 Qb5 26. hxg6+ hxg6 27. g4 c3 28. bxc3 bxc3 29. gxf5 Qxe2+ 30. Kxe2 gxf5 31. Rcg1 Bc4+ 32. Kd1 Bxa2 33. Rh7 Rg8 34. Rg5 Be6 35. f3 a3 36. fxe4 a2 0-1


[Site "https://www.chess.com"]

[Event "Titled Tuesday Blitz June 20 Early 2023"]
[White "Rosenberg, Evan S"]
[Black "Politov, Pavel Y."]
[WhiteFideId "2019299"]
[BlackFideId "24110515"]
[WhiteElo "2340"]
[BlackElo "2066"]
[Result "1-0"]
[Round "6"]
[TimeControl "180+2"]
[Date "2023.06.20"]
[WhiteClock "0:02:16"]
[BlackClock "0:01:30"]
[Board "180"]

1. d4 d5 2. Nf3 Nf6 3. Bg5 Ne4 4. Bh4 c5 5. e3 Nc6 6. Nc3 Nxc3 7. bxc3 Qa5 8. Qd2 cxd4 9. cxd4 Qxd2+ 10. Kxd2 Bg4 11. Be2 e6 12. Rab1 b6 13. Bb5 Rc8 14. Ne5 Bf5 15. Bxc6+ Rxc6 16. Nxc6 f6 17. Nxa7 g5 18. Bg3 Be7 19. Rxb6 O-O 20. Rb7 Kf7 21. Nc6 Re8 22. Bd6 1-0


[Site "https://www.chess.com"]

[Event "Titled Tuesday Blitz June 20 Early 2023"]
[White "Zallio, Luciano de Souza"]
[Black "Ovezdurdyyeva, Jemal"]
[WhiteFideId "2109700"]
[BlackFideId "14001888"]
[WhiteElo "2057"]
[BlackElo "2069"]
[Result "0-1"]
[Round "6"]
[TimeControl "180+2"]
[Date "2023.06.20"]
[WhiteClock "0:00:04"]
[BlackClock "0:00:26"]
[Board "181"]

1. e4 d6 2. d4 Nf6 3. Nc3 g6 4. f4 c6 5. Nf3 b5 6. Bd3 Bg7 7. e5 dxe5 8. dxe5 Nd5 9. Nxd5 Qxd5 10. Be3 O-O 11. O-O f6 12. Qe2 Be6 13. b3 Qd8 14. Rad1 Qc8 15. Bc5 Re8 16. exf6 exf6 17. Qf2 Nd7 18. Bxa7 c5 19. Bxc5 Nxc5 20. Bxb5 Re7 21. a4 Ne4 22. Qb6 Qxc2 23. Nd4 Qc5 24. Qxc5 Nxc5 25. b4 Bg4 26. bxc5 Bxd1 27. Rxd1 Rd8 28. Kf1 Re4 29. c6 Rexd4 30. Rxd4 Rxd4 31. Ke2 Rd8 32. Ba6 Re8+ 33. Kd3 Re7 34. Kc4 f5 35. Kd5 Bc3 36. Kd6 Bb4+ 37. Kd5 Kf7 38. Bc8 Rc7 39. Bd7 Ke7 40. Kc4 Be1 41. Kb5 Ra7 42. Kb6 Bf2+ 43. Kb5 Kd6 44. a5 Kc7 45. a6 Ra8 46. Ka5 Rb8 47. g3 Rb2 48. Ka4 Ba7 49. h4 Rg2 50. Be6 Rxg3 51. Bg8 Rg4 52. Bxh7 Rxf4+ 53. Kb5 Rg4 54. h5 gxh5 55. Bxf5 Rg5 0-1


[Site "https://www.chess.com"]

[Event "Titled Tuesday Blitz June 20 Early 2023"]
[White "Nikulina, Alena"]
[Black "Cardozo Munar, Carlos Eduardo"]
[WhiteFideId "4172051"]
[BlackFideId "4409477"]
[WhiteElo "1608"]
[BlackElo "2067"]
[Result "0-1"]
[Round "6"]
[TimeControl "180+2"]
[Date "2023.06.20"]
[WhiteClock "0:00:04"]
[BlackClock "0:00:12"]
[Board "182"]

1. e4 e6 2. d4 d5 3. exd5 exd5 4. c4 Nc6 5. Nf3 Nf6 6. Nc3 Bb4 7. Bd3 O-O 8. O-O dxc4 9. Bxc4 Bg4 10. Be3 Re8 11. h3 Bh5 12. a3 Bd6 13. Re1 Qd7 14. b4 a6 15. Be2 Re7 16. d5 Bxf3 17. Bxf3 Ne5 18. Be2 Rae8 19. Bg5 Qf5 20. Bxf6 Qxf6 21. Ne4 Qg6 22. Nxd6 Qxd6 23. Qd2 Ng6 24. Rad1 Qe5 25. Bf3 Qxe1+ 26. Rxe1 Rxe1+ 27. Kh2 Ne5 28. Bd1 Nc4 29. Qc3 Nxa3 30. Qxa3 Rxd1 31. Qc3 Rxd5 32. Qxc7 Rb5 33. Qc4 g6 34. h4 Re6 35. Kg3 Rc6 36. Qd4 h5 37. Qd8+ Kg7 38. Qd4+ Rf6 39. f3 Rf5 40. Qe4 b6 41. Qc4 Rb5 42. Qd4 a5 43. bxa5 bxa5 44. Qa4 Rfb6 45. Qd4+ Kh7 46. Qc4 Rb7 47. Qa4 Rf5 48. Kh3 Rb4 49. Qd7 Rff4 50. Kg3 a4 51. Qd5 a3 52. Qa2 Ra4 53. Kh3 Kg8 54. Kg3 Rfb4 55. Qd5 a2 56. Qd8+ Kh7 57. Qd5 Rf4 58. Qe5 a1=Q 0-1


[Site "https://www.chess.com"]

[Event "Titled Tuesday Blitz June 20 Early 2023"]
[White "Afanasieva, Alexandra"]
[Black "le-castor-faineant"]
[WhiteFideId "34126926"]
[WhiteElo "1736"]
[BlackElo "2149"]
[Result "0-1"]
[Round "6"]
[TimeControl "180+2"]
[Date "2023.06.20"]
[WhiteClock "0:00:17"]
[BlackClock "0:00:25"]
[Board "183"]

1. e4 e5 2. Nf3 Nf6 3. Nxe5 d6 4. Nf3 Nxe4 5. d4 d5 6. Bd3 Bf5 7. O-O Bd6 8. c4 c6 9. Nc3 O-O 10. Qc2 Re8 11. Re1 Na6 12. a3 Nxc3 13. Bxf5 Rxe1+ 14. Nxe1 Ne4 15. Bxe4 dxe4 16. Qxe4 Qa5 17. Bf4 Bxf4 18. Qxf4 Re8 19. Nf3 h6 20. h3 Qa4 21. Ne5 Re7 22. Qg4 Qb3 23. Qc8+ Kh7 24. Qf5+ Kg8 25. Re1 Qxb2 26. Re4 f6 27. Ng6 Qb1+ 28. Kh2 Rxe4 29. Ne7+ Kf7 30. Nc8 Re1 31. Qd7+ Kg6 32. Nd6 Rh1+ 33. Kg3 Qd3+ 34. f3 Re1 35. Qf7+ Kh7 36. Ne8 Qg6+ 0-1


[Site "https://www.chess.com"]

[Event "Titled Tuesday Blitz June 20 Early 2023"]
[White "Martin, Lewis"]
[Black "Hartikainen, Jarmo"]
[WhiteFideId "410551"]
[BlackFideId "503134"]
[WhiteElo "2145"]
[BlackElo "2143"]
[Result "0-1"]
[Round "6"]
[TimeControl "180+2"]
[Date "2023.06.20"]
[WhiteClock "0:01:26"]
[BlackClock "0:00:49"]
[Board "184"]

1. e4 c5 2. Nf3 Nc6 3. d4 cxd4 4. Nxd4 Nf6 5. Nc3 d6 6. Be2 e5 7. Ndb5 a6 8. Na3 b5 9. Nd5 Be6 10. Bg5 Be7 11. Bxf6 Bxf6 12. c4 b4 13. Nxb4 Qa5 14. O-O Qxb4 15. Nc2 Qc5 16. a3 Nd4 17. Ne3 O-O 18. b4 Nxe2+ 19. Qxe2 Qd4 20. Rad1 Qxe4 21. Rxd6 Bg5 22. Rfd1 Bxe3 23. Qxe3 Qxe3 24. fxe3 Bxc4 0-1


[Site "https://www.chess.com"]

[Event "Titled Tuesday Blitz June 20 Early 2023"]
[White "Vifleemskaia, Svetlana"]
[Black "Winkels, Marcel"]
[WhiteFideId "4129490"]
[BlackFideId "1003887"]
[WhiteElo "1930"]
[BlackElo "1900"]
[Result "1-0"]
[Round "6"]
[TimeControl "180+2"]
[Date "2023.06.20"]
[WhiteClock "0:00:53"]
[BlackClock "0:00:40"]
[Board "185"]

1. d4 Nf6 2. c4 g6 3. Nc3 d5 4. cxd5 Nxd5 5. Bd2 Bg7 6. e4 Nxc3 7. Bxc3 Nc6 8. d5 Bxc3+ 9. bxc3 Ne5 10. Qd4 f6 11. f4 Ng4 12. h3 Nh6 13. Nf3 O-O 14. Bc4 Nf7 15. O-O Kg7 16. Rad1 Qd6 17. e5 Qb6 18. Rfe1 Qxd4+ 19. Nxd4 fxe5 20. fxe5 Nh6 21. g4 Bd7 22. Rd2 Rad8 23. Rf2 Rxf2 24. Kxf2 Rf8+ 25. Kg3 Nf7 26. e6 Nd6 27. exd7 Nxc4 28. Ne6+ 1-0


[Site "https://www.chess.com"]

[Event "Titled Tuesday Blitz June 20 Early 2023"]
[White "Sailer, Mike"]
[Black "Mayaud, Raphael"]
[WhiteFideId "2012901"]
[BlackFideId "627151"]
[WhiteElo "2109"]
[BlackElo "2191"]
[Result "1-0"]
[Round "6"]
[TimeControl "180+2"]
[Date "2023.06.20"]
[WhiteClock "0:00:04"]
[BlackClock "0:00:04"]
[Board "186"]

1. d4 Nf6 2. Nc3 d5 3. Bf4 a6 4. e3 Bf5 5. f3 e6 6. g4 Bg6 7. h4 h5 8. g5 Nfd7 9. Bd3 Bxd3 10. Qxd3 g6 11. Nge2 Bg7 12. O-O-O O-O 13. e4 c6 14. Be3 b5 15. Nf4 b4 16. Nce2 e5 17. Nxh5 gxh5 18. Ng3 c5 19. dxc5 d4 20. Bd2 Nxc5 21. Qc4 Nbd7 22. Nxh5 Rc8 23. Qf1 Qa5 24. Kb1 Na4 25. Nxg7 Nc3+ 26. bxc3 bxc3 27. Bc1 Rb8+ 28. Ka1 Rb2 29. Bxb2 cxb2+ 30. Kb1 Kxg7 31. h5 Nc5 32. g6 Na4 33. Rd3 Nc3+ 34. Rxc3 Qxc3 35. h6+ Kg8 36. Qg2 f5 37. g7 Kf7 38. gxf8=Q+ Kxf8 39. Qg7+ Ke8 40. h7 1-0


[Site "https://www.chess.com"]

[Event "Titled Tuesday Blitz June 20 Early 2023"]
[White "Ardila, Oscar Humberto"]
[Black "Baruch, Liam"]
[WhiteFideId "4404742"]
[BlackFideId "14322064"]
[WhiteElo "1912"]
[BlackElo "2115"]
[Result "1/2-1/2"]
[Round "6"]
[TimeControl "180+2"]
[Date "2023.06.20"]
[WhiteClock "0:00:06"]
[BlackClock "0:00:09"]
[Board "187"]

1. d4 d5 2. c4 e6 3. Nc3 Nf6 4. Bg5 Be7 5. e3 h6 6. Bh4 O-O 7. Nf3 b6 8. cxd5 Nxd5 9. Bxe7 Qxe7 10. Nxd5 exd5 11. Bd3 Be6 12. h3 c5 13. O-O c4 14. Bc2 f5 15. Ne5 Rc8 16. Qh5 Qf6 17. f4 Nc6 18. Rf3 Nb4 19. Ba4 a6 20. Rg3 Bf7 21. Nxf7 Qxf7 22. Qxh6 b5 23. Bd1 Rc6 24. Qg5 Qf6 25. a4 bxa4 26. Bxa4 Qxg5 27. Rxg5 Rf6 28. Bd7 Raf8 29. g4 Nc2 30. Ra5 fxg4 31. Kf2 gxh3 32. Bxh3 Rb8 33. Bg2 Rxb2 34. Bxd5+ Kf8 35. Kf3 Ne1+ 36. Ke4 c3 37. Rc5 c2 38. Re5 c1=Q 39. Rxc1 Nc2 40. Bb3 Rxb3 41. Rxc2 Rb8 42. Rc7 Rf7 43. Rc6 Ra7 44. Rf5+ Kg8 45. Ra5 Re8+ 46. Kf3 Rae7 47. Ra3 a5 48. Ra6 g5 49. fxg5 Rf7+ 50. Kg4 Re4+ 51. Kh5 Rfe7 52. R3xa5 Kg7 53. Rg6+ Kh7 54. Rh6+ Kg7 55. Raa6 Rxe3 56. Rag6+ Kf7 57. Rh7+ Ke8 58. Rg8+ Kd7 59. Rxe7+ Kxe7 60. g6 Kf6 61. Rf8+ Kg7 62. Rf7+ Kg8 63. Rd7 Rd3 64. Kg5 Rg3+ 65. Kf6 Rf3+ 66. Ke6 Rg3 67. Kf5 Rf3+ 68. Ke4 Rg3 69. Kf5 Rf3+ 70. Kg4 Rf1 71. d5 Rg1+ 72. Kf5 Rf1+ 73. Ke5 Re1+ 74. Kf5 Rf1+ 75. Kg4 Rg1+ 76. Kh5 Rh1+ 77. Kg4 Rg1+ 1/2-1/2


[Site "https://www.chess.com"]

[Event "Titled Tuesday Blitz June 20 Early 2023"]
[White "Alberto, Manuel"]
[Black "Simonovic, Miroslav"]
[WhiteFideId "10100148"]
[BlackFideId "919152"]
[WhiteElo "2166"]
[BlackElo "2075"]
[Result "0-1"]
[Round "6"]
[TimeControl "180+2"]
[Date "2023.06.20"]
[WhiteClock "0:00:52"]
[BlackClock "0:00:30"]
[Board "188"]

1. e4 c5 2. Nf3 Nc6 3. Bb5 g6 4. O-O Bg7 5. Bxc6 dxc6 6. Re1 e5 7. h3 Ne7 8. d3 O-O 9. a4 h6 10. a5 Be6 11. b3 b6 12. Be3 Qd7 13. Qd2 Kh7 14. Nc3 f5 15. Qe2 f4 16. Bd2 g5 17. Nh2 Kg6 18. Na4 Rab8 19. axb6 axb6 20. b4 cxb4 21. Bxb4 c5 22. Bc3 h5 23. Nf3 Nc6 24. Reb1 Qc7 25. Nd2 Nd4 26. Bxd4 cxd4 27. f3 Rfc8 28. Rc1 b5 29. Nb2 Ra8 30. Rab1 Ra2 31. Nd1 Bd7 32. c3 dxc3 33. Rc2 Rxc2 0-1


[Site "https://www.chess.com"]

[Event "Titled Tuesday Blitz June 20 Early 2023"]
[White "Torres Dominguez, David"]
[Black "Georg, Heinz"]
[WhiteFideId "2220857"]
[BlackFideId "4607295"]
[WhiteElo "1999"]
[BlackElo "2289"]
[Result "1-0"]
[Round "6"]
[TimeControl "180+2"]
[Date "2023.06.20"]
[WhiteClock "0:00:50"]
[BlackClock "0:00:00"]
[Board "189"]

1. e4 e5 2. Bc4 Nf6 3. Nc3 Nxe4 4. Qh5 Nd6 5. Qxe5+ Qe7 6. Qxe7+ Bxe7 7. Be2 c6 8. Nf3 O-O 9. d4 Nf5 10. g4 Nh4 11. Kf1 Nxf3 12. Bxf3 d5 13. Ne2 f5 14. g5 Na6 15. c3 Bd7 16. h4 Rae8 17. Bf4 Bd8 18. Re1 Bc7 19. Bxc7 Nxc7 20. Nf4 Rxe1+ 21. Kxe1 Re8+ 22. Kd2 b5 23. Nd3 Ne6 24. Ne5 Re7 25. Re1 Nf8 26. Nd3 Kf7 27. Ne5+ Ke8 28. Bh5+ g6 29. Bf3 Ne6 30. Nd3 Ng7 31. Rxe7+ Kxe7 32. b4 Ne8 33. Ke3 Nd6 34. Ne5 a6 35. Bg2 Ne4 36. Bxe4 fxe4 37. Kf4 Be8 38. f3 exf3 39. Kxf3 Ke6 40. Kf4 Kd6 41. Ng4 Bd7 42. Nf6 Bf5 43. Nxh7 Bb1 44. a3 Ke6 45. Nf6 Bc2 46. Ng4 Bd1 47. Ne5 Bc2 48. Nxc6 Bd3 49. Nb8 1-0


[Site "https://www.chess.com"]

[Event "Titled Tuesday Blitz June 20 Early 2023"]
[White "Sarkar, Justin"]
[Black "Better_Chess_Faster"]
[WhiteFideId "2010011"]
[WhiteElo "2151"]
[BlackElo "2015"]
[Result "1/2-1/2"]
[Round "6"]
[TimeControl "180+2"]
[Date "2023.06.20"]
[WhiteClock "0:00:05"]
[BlackClock "0:01:15"]
[Board "190"]

1. d4 f5 2. e4 fxe4 3. f3 e3 4. Bxe3 Nf6 5. c4 e6 6. Nc3 b6 7. Bd3 Bb4 8. Ne2 Bb7 9. O-O O-O 10. a3 Be7 11. d5 Na6 12. dxe6 dxe6 13. b4 c5 14. b5 Nc7 15. Qc2 Qe8 16. Ne4 Nxe4 17. Bxe4 Bxe4 18. Qxe4 Bf6 19. Rad1 Rd8 20. Qb7 Rf7 21. Qe4 Rfd7 22. Rxd7 Qxd7 23. Nf4 e5 24. Nd5 Nxd5 25. Rd1 Nc3 26. Rxd7 Nxe4 27. Rxd8+ Bxd8 28. fxe4 Kf7 29. a4 Kg6 30. Kf2 Bg5 31. Kf3 Bxe3 32. Kxe3 Kg5 33. Kf3 g6 34. Kg3 h6 35. h4+ Kf6 36. Kg4 h5+ 37. Kf3 Ke6 38. Ke3 Kf6 39. Kf3 Ke6 40. g4 Kf6 41. g5+ Ke6 42. Ke3 Kd6 43. Kd3 Ke6 44. Kc3 Kd6 45. Kb3 Kc7 46. Ka3 Kd6 47. Kb3 Kc7 48. Ka3 Kd6 49. a5 Kc7 50. a6 Kd6 51. Kb3 1/2-1/2


[Site "https://www.chess.com"]

[Event "Titled Tuesday Blitz June 20 Early 2023"]
[White "Goughfather"]
[Black "Rodriguez Santiago, Jaime"]
[BlackFideId "3100898"]
[WhiteElo "2013"]
[BlackElo "2025"]
[Result "1-0"]
[Round "6"]
[TimeControl "180+2"]
[Date "2023.06.20"]
[WhiteClock "0:00:19"]
[BlackClock "0:00:13"]
[Board "191"]

1. d4 Nf6 2. Nc3 d5 3. Bf4 a6 4. e3 c5 5. dxc5 Nc6 6. Nf3 e6 7. Na4 Bxc5 8. Nxc5 Qa5+ 9. c3 Qxc5 10. Be2 O-O 11. O-O Rd8 12. Ne5 Nxe5 13. Bxe5 Qe7 14. Bd3 Nd7 15. Bc7 Rf8 16. Qh5 g6 17. Qh6 f5 18. Bf4 e5 19. Bg5 Qf7 20. Rfd1 b5 21. Bc2 Bb7 22. Bb3 Nb6 23. Rd2 Nc4 24. Bxc4 bxc4 25. Rad1 Bc6 26. b3 cxb3 27. axb3 Rab8 28. b4 Rb7 29. f3 Qc7 30. h4 Ba4 31. Rc1 Bb3 32. h5 Qg7 33. hxg6 hxg6 34. Qh4 Rc8 35. Bf6 Qh7 36. Qg5 Rxb4 37. Bxe5 Rh4 38. Kf2 Rh1 39. Rxh1 Qxh1 40. Qxg6+ Kf8 41. Bd6# 1-0


[Site "https://www.chess.com"]

[Event "Titled Tuesday Blitz June 20 Early 2023"]
[White "Skiadopoulos, Nikolaos"]
[Black "agvania123"]
[WhiteFideId "4200772"]
[WhiteElo "2022"]
[BlackElo "2250"]
[Result "0-1"]
[Round "6"]
[TimeControl "180+2"]
[Date "2023.06.20"]
[WhiteClock "0:00:31"]
[BlackClock "0:00:44"]
[Board "192"]

1. e4 d5 2. exd5 Qxd5 3. Nc3 Qd8 4. d4 Nf6 5. Bc4 a6 6. a4 Nc6 7. Be3 Bf5 8. Nf3 e6 9. O-O Nb4 10. Rc1 Be7 11. Nh4 Bg6 12. Qd2 O-O 13. Nxg6 hxg6 14. Rcd1 Nbd5 15. Nxd5 Nxd5 16. Bxd5 exd5 17. Rfe1 c6 18. Bf4 Bf6 19. Be5 Re8 20. Re3 Bxe5 21. dxe5 Qc7 22. f4 g5 23. g3 gxf4 24. gxf4 Re6 25. Rde1 Rg6+ 26. Rg3 Rxg3+ 27. hxg3 Re8 28. a5 Qd7 29. Kg2 Qf5 30. b4 g6 31. Rh1 Kg7 32. Qd3 Qxd3 33. cxd3 g5 34. d4 gxf4 35. gxf4 Kg6 36. Kf3 f6 37. Kg4 fxe5 38. dxe5 Rf8 39. e6 Rf6 40. f5+ Rxf5 41. Rh6+ Kxh6 42. Kxf5 Kg7 43. Ke5 Kf8 44. Kd6 Ke8 45. e7 d4 0-1


[Site "https://www.chess.com"]

[Event "Titled Tuesday Blitz June 20 Early 2023"]
[White "Clawitter, Craig"]
[Black "luachess1"]
[WhiteFideId "2023105"]
[WhiteElo "2235"]
[BlackElo "1617"]
[Result "1-0"]
[Round "6"]
[TimeControl "180+2"]
[Date "2023.06.20"]
[WhiteClock "0:00:17"]
[BlackClock "0:00:04"]
[Board "193"]

1. e4 c5 2. Nf3 Nc6 3. d4 cxd4 4. Nxd4 Nf6 5. Nc3 d6 6. Bc4 g6 7. Nxc6 bxc6 8. e5 d5 9. exf6 dxc4 10. Qe2 e6 11. Qxc4 Bd7 12. Ne4 Qa5+ 13. Bd2 Qd5 14. Qe2 Qb5 15. Bc3 Rd8 16. Rd1 Bb4 17. Qxb5 Bxc3+ 18. bxc3 cxb5 19. Nd6+ Kf8 20. Nb7 Ke8 21. Nxd8 Kxd8 22. Ke2 Kc7 23. Rd2 Bc6 24. f3 Bd5 25. Rhd1 Rd8 26. a3 a5 27. Ke3 Rb8 28. Rxd5 exd5 29. Rxd5 Kc6 30. Re5 Kd6 31. Re7 Rf8 32. Kd4 Kc6 33. f4 Kb6 34. c4 b4 35. axb4 axb4 36. c5+ Kb5 37. Rb7+ Ka4 38. Ra7+ Kb5 39. Rb7+ Ka4 40. Kc4 Re8 41. Ra7# 1-0


[Site "https://www.chess.com"]

[Event "Titled Tuesday Blitz June 20 Early 2023"]
[White "Calderin Gonzalez, Roberto"]
[Black "Castillo Pena, Patricia Evarista"]
[WhiteFideId "5102979"]
[BlackFideId "6412106"]
[WhiteElo "2213"]
[BlackElo "1859"]
[Result "1/2-1/2"]
[Round "6"]
[TimeControl "180+2"]
[Date "2023.06.20"]
[WhiteClock "0:01:16"]
[BlackClock "0:00:28"]
[Board "194"]

1. e4 c5 2. Nc3 Nc6 3. g3 d6 4. Bg2 g6 5. Nge2 Bg7 6. O-O Nf6 7. d3 Rb8 8. h3 b5 9. f4 Bd7 10. g4 b4 11. Nb1 O-O 12. Ng3 a5 13. f5 Nd4 14. Be3 a4 15. a3 b3 16. Bxd4 bxc2 17. Qxc2 cxd4 18. Nd2 Bb5 19. Nc4 d5 20. exd5 Nxd5 21. Ne4 Bxc4 22. fxg6 hxg6 23. Qxc4 Ne3 24. Qa2 Nxf1 25. Rxf1 Qb6 26. Ng5 Qxb2 27. Qc4 Qb5 28. Bd5 Qxc4 29. Bxc4 e6 30. Nxf7 Rxf7 31. Bxe6 Rf8 32. Kg2 Be5 33. h4 Kg7 34. Bxf7 Rxf7 35. Rxf7+ Kxf7 36. Kf3 Kf6 37. Ke4 Ke6 38. h5 gxh5 39. gxh5 Bg7 40. h6 Bxh6 41. Kxd4 Bc1 42. Kc4 Bxa3 43. Kb5 Bb2 44. Kxa4 Kd5 45. Kb3 Bd4 46. Kc2 Kc5 47. Kb3 Be3 1/2-1/2


[Site "https://www.chess.com"]

[Event "Titled Tuesday Blitz June 20 Early 2023"]
[White "Cardenas Carbajal, Nilson"]
[Black "Dzhaparov, Medet"]
[WhiteFideId "8401128"]
[BlackFideId "13803689"]
[WhiteElo "1972"]
[BlackElo "1690"]
[Result "1-0"]
[Round "6"]
[TimeControl "180+2"]
[Date "2023.06.20"]
[WhiteClock "0:00:23"]
[BlackClock "0:00:09"]
[Board "195"]

1. e4 c5 2. d4 cxd4 3. c3 dxc3 4. Nxc3 Nc6 5. Nf3 d6 6. Bc4 Nf6 7. e5 dxe5 8. Qxd8+ Kxd8 9. Ng5 Na5 10. Bxf7 e6 11. Bxe6 Bxe6 12. Nxe6+ Kd7 13. Ng5 Bb4 14. Bd2 Bxc3 15. Bxc3 Nc6 16. O-O-O+ Kc7 17. Rhe1 Rhe8 18. Nf7 Nd7 19. f3 Kb6 20. Rxd7 g6 21. Nd6 Re6 22. Nc4+ Kb5 23. Nxe5 Nxe5 24. Rxe5+ Rxe5 25. Bxe5 Rc8+ 26. Kd2 b6 27. Rxh7 Rd8+ 28. Ke2 Re8 29. f4 g5 30. g3 gxf4 31. gxf4 Re6 32. h4 Rc6 33. Kd2 Rc5 34. Rxa7 Rd5+ 35. Ke2 Rc5 36. h5 Rc2+ 37. Ke3 Rh2 38. Rh7 Rh3+ 39. Ke4 Rh2 40. h6 Re2+ 41. Kf5 Rh2 42. Rh8 Rh5+ 43. Kg6 Rh2 44. h7 Rg2+ 45. Kf7 1-0


[Site "https://www.chess.com"]

[Event "Titled Tuesday Blitz June 20 Early 2023"]
[White "Butti, Enrique"]
[Black "Saim, Mohamed Ilias"]
[WhiteFideId "3700470"]
[BlackFideId "7900465"]
[WhiteElo "2080"]
[BlackElo "2063"]
[Result "1-0"]
[Round "6"]
[TimeControl "180+2"]
[Date "2023.06.20"]
[WhiteClock "0:01:09"]
[BlackClock "0:00:00"]
[Board "196"]

1. d4 Nf6 2. c4 c5 3. Nf3 cxd4 4. Nxd4 e5 5. Nb5 d5 6. cxd5 a6 7. N5c3 Bb4 8. a3 Ba5 9. b4 Bc7 10. Bb2 O-O 11. e3 Nbd7 12. Nd2 Nb6 13. e4 Ne8 14. Be2 f5 15. O-O f4 16. Bg4 Nd7 17. Be6+ Kh8 18. f3 Qh4 19. Qe1 Qh5 20. g4 fxg3 21. hxg3 Rf6 22. Kg2 Qg5 23. Nc4 b5 24. Ne3 Bb6 25. Ng4 Rxe6 26. dxe6 Ndf6 27. Bc1 Qh5 28. Rh1 1-0


[Site "https://www.chess.com"]

[Event "Titled Tuesday Blitz June 20 Early 2023"]
[White "Maluco_do_Natal_00"]
[Black "Osinovsky, Stepan"]
[BlackFideId "4157354"]
[WhiteElo "2100"]
[BlackElo "2222"]
[Result "1-0"]
[Round "6"]
[TimeControl "180+2"]
[Date "2023.06.20"]
[WhiteClock "0:00:08"]
[BlackClock "0:00:00"]
[Board "197"]

1. e4 e5 2. Nf3 Nc6 3. Bb5 a6 4. Ba4 Nf6 5. O-O Be7 6. Re1 b5 7. Bb3 O-O 8. a4 b4 9. a5 Bb7 10. c3 d5 11. exd5 Nxd5 12. d3 bxc3 13. bxc3 Bf6 14. Qc2 Rb8 15. Nbd2 Nxc3 16. Ne4 Nd4 17. Qxc3 Bxe4 18. Bxf7+ Rxf7 19. Rxe4 Rb3 20. Rxd4 Rxc3 21. Rxd8+ Bxd8 22. Bb2 1-0


[Site "https://www.chess.com"]

[Event "Titled Tuesday Blitz June 20 Early 2023"]
[White "Ouellet, Maili-Jade"]
[Black "zano2023"]
[WhiteFideId "2620472"]
[WhiteElo "2077"]
[BlackElo "2163"]
[Result "1-0"]
[Round "6"]
[TimeControl "180+2"]
[Date "2023.06.20"]
[WhiteClock "0:00:17"]
[BlackClock "0:00:09"]
[Board "198"]

1. e4 e5 2. Nf3 d6 3. d4 f5 4. Nc3 Nf6 5. dxe5 Nxe4 6. Nxe4 fxe4 7. Ng5 d5 8. e6 Bc5 9. Be2 O-O 10. O-O c6 11. c4 e3 12. f4 d4 13. Qd3 g6 14. Bg4 Qf6 15. a3 a5 16. Ne4 Qe7 17. Nxc5 Qxc5 18. b4 Qd6 19. Bb2 axb4 20. axb4 Rxa1 21. Bxa1 b6 22. Qxd4 Qxd4 23. Bxd4 Re8 24. Re1 Bxe6 25. Rxe3 Bf7 26. Rxe8+ Bxe8 27. Bxb6 Nd7 28. Bd4 Kf7 29. Kf2 h5 30. Bf3 Nf6 31. Bxf6 Kxf6 32. Ke3 Ke6 33. Kd4 Kd6 34. g3 Bd7 35. Be4 Be8 36. h3 Bf7 37. g4 hxg4 38. hxg4 Be8 39. f5 gxf5 40. Bxf5 Bf7 41. g5 Bg8 42. g6 Kc7 43. Kc5 Kb7 44. Be4 Kc7 45. Bxc6 Be6 46. Bd5 1-0


[Site "https://www.chess.com"]